AoeStats
← Khirs

Black Forest

506194428Analyzed
4v4 RM · 19d ago on Sep 12, 2026· 55m 58s· 8 players
Game mode
Random Map
Map size
Large (8 player)
Population
200
Speed
Normal
Resources
Standard
Victory
Conquest
Starting age
Dark Age
Ending age
Imperial Age
RankedLock teamsTeams togetherTeam positionsShared explorationLock speedFull tech treeHidden civsTurbo modeCheats
Victory
Defeat
🇩🇪 Burgundians · Germany
854
+15
🇦🇹 Romans · Austria
840
+16
🇮🇳 Tatars · India
819
+17
🇨🇳 Teutons · China
807
+17
🇦🇹 Teutons · Austria
879
-17
🇺🇸 Poles · United States
831
-16
🇫🇷 Persians · France
824
-16
🇪🇸 Teutons · Spain
821
-16
Diego
1:00 Loom
11:51 Feudal Age
12:15 Double-Bit Axe
13:30 Wheelbarrow
12:38 Horse Collar
19:18 Town Watch
20:19 Gold Mining
20:20 Stone Mining
25:03 Castle Age
26:10 Scale Barding Armor
26:16 Forging
26:06 Scale Mail Armor
26:48 Stone Shaft Mining
26:49 Gold Shaft Mining
26:41 Caravan
27:11 Coinage
29:56 Bow Saw
29:51 Heavy Plow
34:11 Chain Barding Armor
34:28 Iron Casting
34:08 Chain Mail Armor
34:24 Hand Cart
34:09 Town Patrol
37:56 Imperial Age
37:39 Ballistics
37:15 Murder Holes
37:31 Masonry
40:02 Chemistry
38:52 Cavalier
39:55 Husbandry
40:46 Bloodlines
41:00 Savar
43:39 Blast Furnace
43:26 Plate Barding Armor
53:48 Light Cavalry
isthisthingon
14:37 Feudal Age
15:44 Horse Collar
16:42 Loom
17:09 Man-at-Arms
19:18 Double-Bit Axe
21:12 Arson
25:50 Wheelbarrow
28:19 Castle Age
28:55 Bloodlines
30:01 Bow Saw
32:02 Stone Mining
32:07 Gold Mining
33:09 Heavy Plow
36:35 Imperial Age
38:17 Thumb Ring
37:34 Crossbowman
40:34 Forging
40:15 Fletching
40:52 Ballistics
41:13 Padded Archer Armor
42:01 Light Cavalry
42:59 Winged Hussar
46:22 Iron Casting
49:14 Blast Furnace
48:09 Bodkin Arrow
49:18 Chemistry
Khirs
0:38 Loom
20:06 Feudal Age
20:39 Double-Bit Axe
22:05 Horse Collar
23:54 Man-at-Arms
30:38 Castle Age
28:45 Fletching
29:02 Gold Mining
30:38 Stone Mining
32:37 Bow Saw
33:10 Heavy Plow
37:28 Imperial Age
52:22 Conscription
wohja182
0:29 Loom
12:46 Feudal Age
19:51 Castle Age
17:38 Double-Bit Axe
19:19 Horse Collar
21:29 Bow Saw
24:13 Heavy Plow
28:23 Wheelbarrow
31:00 Hand Cart
32:17 Fletching
35:35 Imperial Age
35:42 Imperial Age
33:23 Bodkin Arrow
34:06 Ballistics
34:54 Scale Mail Armor
35:06 Forging
34:55 Gold Mining
35:40 Pikeman
36:07 Gambesons
37:38 Chemistry
36:19 Halberdier
37:16 Chain Mail Armor
37:37 Iron Casting
37:26 Crenellations
37:20 Squires
41:23 Siege Engineers
42:12 Ironclad
42:37 Man-at-Arms
43:50 Plate Mail Armor
44:21 Blast Furnace
42:47 Elite Teutonic Knight
44:12 Long Swordsman
46:59 Two-Handed Swordsman
kailashsaravanaraj
11:21 Feudal Age
14:23 Wheelbarrow
16:38 Castle Age
15:02 Horse Collar
15:31 Double-Bit Axe
15:38 Gold Mining
20:08 Hand Cart
21:06 Loom
22:01 Fletching
23:49 Crossbowman
24:50 Bodkin Arrow
27:10 Padded Archer Armor
27:33 Ballistics
28:30 Stone Mining
29:19 Gold Shaft Mining
29:23 Scale Barding Armor
30:38 Town Watch
31:26 Bow Saw
31:40 Leather Archer Armor
31:40 Masonry
31:50 Murder Holes
32:26 Town Patrol
36:17 Imperial Age
34:01 Forging
37:26 Husbandry
37:37 Bloodlines
38:58 Bracer
39:29 Ring Archer Armor
39:36 Iron Casting
39:21 Chain Barding Armor
38:29 Heavy Cavalry Archer
41:50 Timurid Siegecraft
42:01 Conscription
41:15 Elite Steppe Lancer
44:17 Siege Engineers
43:53 Treadmill Crane
44:25 Fortified Wall
45:16 Chemistry
45:19 Blast Furnace
44:55 Plate Barding Armor
47:37 Silk Armor
47:03 Heavy Camel Rider
种田妹
1:32 Loom
22:33 Feudal Age
23:47 Town Watch
25:39 Wheelbarrow
27:28 Castle Age
26:39 Horse Collar
26:46 Double-Bit Axe
30:18 Hand Cart
30:08 Heavy Plow
38:58 Scale Mail Armor
41:02 Bow Saw
41:26 Squires
41:11 Arson
46:14 Imperial Age
45:27 Gold Mining
45:28 Stone Mining
46:44 Fletching
47:43 Hoardings
47:32 Crenellations
47:35 Conscription
47:30 Bodkin Arrow
49:44 Forging
49:53 Chain Mail Armor
49:52 Masonry
49:53 Fortified Wall
49:52 Pikeman
50:30 Halberdier
55:45 Forging
56:07 Plate Mail Armor
Haudinida
0:27 Loom
11:54 Feudal Age
10:43 Double-Bit Axe
11:31 Horse Collar
12:52 Bow Saw
14:44 Wheelbarrow
16:02 Town Watch
17:19 Gold Mining
21:32 Castle Age
19:50 Heavy Plow
19:52 Stone Mining
21:00 Caravan
21:53 Gold Shaft Mining
23:48 Hand Cart
24:53 Fletching
30:20 Imperial Age
29:11 Crop Rotation
28:39 Treadmill Crane
29:56 Stone Shaft Mining
30:27 Two-Man Saw
29:54 Fortified Wall
30:29 Masonry
32:00 Burgundian Vineyards
33:32 Chemistry
32:54 Ballistics
33:03 Bodkin Arrow
33:19 Forging
33:53 Town Patrol
35:08 Bracer
35:09 Padded Archer Armor
35:09 Scale Mail Armor
36:00 Iron Casting
35:50 Conscription
36:44 Hoardings
37:58 Pikeman
38:39 Squires
38:24 Arson
39:01 Halberdier
39:40 Elite Skirmisher
40:41 Leather Archer Armor
40:42 Chain Mail Armor
41:27 Blast Furnace
40:35 Scale Barding Armor
44:14 Elite Coustillier
51:49 Chain Barding Armor
54:07 Husbandry
54:43 Plate Mail Armor
54:59 Plate Barding Armor
Archimedes420
0:55 Loom
11:52 Feudal Age
12:48 Double-Bit Axe
12:47 Horse Collar
19:08 Castle Age
17:46 Stone Mining
19:32 Gold Mining
20:30 Heavy Plow
22:20 Bow Saw
23:37 Wheelbarrow
23:17 Town Watch
25:38 Hand Cart
26:25 Fletching
26:36 Scale Mail Armor
27:17 Forging
31:59 Imperial Age
30:02 Ballistics
30:52 Scale Barding Armor
32:32 Chain Mail Armor
33:13 Crop Rotation
32:58 Masonry
33:27 Iron Casting
33:02 Bodkin Arrow
34:12 Caravan
34:52 Town Patrol
37:11 Blast Furnace
36:33 Chain Barding Armor
37:13 Squires
36:36 Pikeman
36:38 Man-at-Arms
37:42 Conscription
38:12 Fortified Wall
39:04 Chemistry
38:35 Architecture
37:57 Elite Skirmisher
40:10 Plate Barding Armor
39:36 Long Swordsman
39:38 Halberdier
39:41 Elite Centurion
40:57 Comitatenses
42:03 Bloodlines
41:54 Husbandry
41:57 Murder Holes
42:05 Padded Archer Armor
42:03 Legionary
Connection lost

Rejoining the realm…

Still unreachable

The connection could not be restored.

Session expired

The server has moved on; the page needs a fresh start.